 Dungeon Crawl Stone Soup version 0.30-a0-457-g4b7bca3bfa (webtiles) character file.

Game seed: 6665669844505632535

92 bmack86 the Trooper (level 4, -4/41 HPs)
             Began as a Minotaur Fighter on Dec 13, 2022.
             Slain by a worm (6 damage)
             ... on level 3 of the Dungeon.
             The game lasted 00:05:25 (1522 turns).

bmack86 the Trooper (Minotaur Fighter)              Turns: 1522, Time: 00:05:25

Health: -4/41      AC:  7    Str: 23    XL:     4   Next: 35%
Magic:  3/3        EV: 10    Int:  5    God:
Gold:   133        SH:  5    Dex: 15    Spells: 3/3 levels left

rFire   . . .      SeeInvis .    p - +3 long sword (holy)
rCold   . . .      Faith    .    c - +0 buckler
rNeg    . . .      Spirit   .    b - +0 scale mail
rPois   .          Reflect  .    (helmet restricted)
rElec   .          Harm     .    (no cloak)
rCorr   .          Rampage  .    (no gloves)
Will    .....                    (no boots)
Stlth   ..........               (no amulet)
HPRegen 0.26/turn                g - +6 ring of dexterity
MPRegen 0.08/turn                (no ring)

@: mighty
A: horns 2, retaliatory headbutt
a: no special abilities


You were on level 3 of the Dungeon.
You visited 1 branch of the dungeon, and saw 3 of its levels.

You collected 133 gold pieces.

Inventory:

Hand Weapons
 a - a +0 vorpal war axe
 p - a +3 long sword of holy wrath (weapon)
Missiles
 e - 5 javelins
 h - 6 poisoned darts (quivered)
 l - 2 silver javelins
Armour
 b - a +0 scale mail (worn)
 c - a +0 buckler (worn)
Jewellery
 g - a +6 ring of dexterity (left hand)
Scrolls
 i - a scroll of teleportation
 j - a scroll of identify {unknown}
Potions
 f - a potion of attraction {unknown}
 k - 3 potions of curing {unknown}
 o - 2 potions of brilliance {unknown}
 q - a potion of magic {unknown}


   Skills:
 + Level 4.4 Fighting
 + Level 0.4 Long Blades
 + Level 3.5 Axes
 + Level 4.1 Armour
 + Level 1.1 Dodging
 + Level 4.2 Shields


You had 3 spell levels left.
You didn't know any spells.
Your spell library contained the following spells:

 Spells                   Type           Power      Damage    Failure   Level
 Beastly Appendage        Tmut           0%         N/A       86%         1
 Shock                    Conj/Air       0%         1d3       86%         1
 Wereblood                Tmut           0%         N/A       95%         2
 Spider Form              Tmut/Pois      0%         N/A       99%         3
 Swiftness                Air            0%         N/A       99%         3
 Airstrike                Air            0%         2d(0-16)  100%        4


Dungeon Overview and Level Annotations

Branches:
Dungeon (3/15)

Altars:


Innate Abilities, Weirdness & Mutations

You have a pair of horns on your head.
You reflexively headbutt those who attack you in melee.


Message History

Found the +1 Delatra's gloves {ID++}. 4 orcs and a goblin come into view.
The orc shouts! x3; The goblin shouts!
The orc moves out of view.
There is a large open door here.
An orc comes into view. It is wielding a +0 mace.
The orc shouts!
The goblin hits you with a +0 club. The worm closely misses you.
You hit the worm.
The worm is lightly wounded.
You block the goblin's attack. You block the worm's attack.
You feel very mighty all of a sudden. The goblin hits you with a +0 club.
The orc hits you with a +0 hand axe.
You slash the orc!
You kill the orc!
The goblin hits you with a +0 club. The worm bites you.
The orc hits you with a +0 dagger. The goblin hits you with a +0 club.
You closely miss the orc. The orc hits you with a +0 dagger.
The orc hits you with a +0 whip. The goblin misses you.
You furiously retaliate!
You headbutt the goblin!!
You kill the goblin!
The orc hits you with a +0 flail. The worm bites you.
* * * LOW HITPOINT WARNING * * *
You hit the orc.
The orc is almost dead.
The orc closely misses you. You furiously retaliate!
You headbutt the orc!
You kill the orc!
The orc hits you but does no damage. You block the orc's attack.
The worm bites you.
* * * LOW HITPOINT WARNING * * *
The orc hits you with a +0 dagger.
* * * LOW HITPOINT WARNING * * *
The orc hits you with a +0 flail.
* * * LOW HITPOINT WARNING * * *
The orc barely misses you.
You slash the orc!
You kill the orc!
You block the orc's attack. The orc hits you but does no damage.
The worm bites you.
You die...

#≈≈≈..§≈≈###....######
+.......†'...##.# #.##
+.......)'.####.###...
#≈≈§..≈≈§### #.....#.
#§≈§..§§≈# #######.
#≈≈≈..≈≈≈# # #.
####''####... #.
#.)o...... #.
##@)...... #.
#wo...... #. #........
## #........ #......[.
#........ #........
#........


You could see a worm and 2 orcs.

Vanquished Creatures
  3 adders
  4 dart slugs
  3 orcs (D:3)
  A ball python (D:1)
  4 endoplasms
  3 giant cockroaches
  6 goblins
  4 hobgoblins
  5 jackals
  3 quokkas
  6 bats
  4 frilled lizards
  2 kobolds
  3 rats (D:1)
51 creatures vanquished.

Vanquished Creatures (others)
  A plant (D:1)
1 creature vanquished.

Grand Total: 52 creatures vanquished

Notes
Turn   | Place    | Note
-------+----------+-------------------------------------------
     0 | D:1      | bmack86 the Minotaur Fighter began the quest for the Orb.
     0 | D:1      | Reached XP level 1. HP: 19/19 MP: 0/0
   260 | D:1      | Reached XP level 2. HP: 26/27 MP: 1/1
   554 | D:1      | Reached XP level 3. HP: 33/33 MP: 2/2
  1139 | D:2      | Reached XP level 4. HP: 29/41 MP: 3/3
  1419 | D:3      | Reached skill level 1 in Dodging
  1513 | D:3      | Found the +1 Delatra's gloves {ID++}
  1521 | D:3      | HP: 2/41 [orc/+0 flail (4)]
  1522 | D:3      | Slain by a worm

Illustrated notes

Levels and vault maps discovered:
D:1:      kilobyte_arrival_exit_the_forest, layout_basic
D:2:      layout_rooms, nicolae_concentric_dashed_squares_wild,
          kennysheep_big_empty_room
D:3:      layout_basic, chequers_serial_rivers_large_a,
          kennysheep_generic_room_5

Skill      XL: |  1  2  3  4 |
---------------+-------------+-----
Fighting       | 4 |  4.4
Armour         | 4 |  4.1
Axes           | 3 |  3.5
Shields        | 4 |  4.2
Dodging        | 1 |  1.1
Long Blades    | |  0.4

Action                   |  1- 3 |  4- 6 || total
-------------------------+-------+-------++-------
Melee: War axe           |    62 |       ||    62
       Headbutt          |    15 |     2 ||    17
       Long sword        |    22 |    13 ||    35
  Use: Scroll            |     1 |     7 ||     8
       Potion            |       |     1 ||     1
Armor: Scale mail        |    44 |     7 ||    51
Dodge: Dodged            |    52 |    10 ||    62
Block: Buckler           |    24 |     6 ||    30

Table legend: (Time is in decaauts)
 A = Elapsed time spent in this place.
 B = Non-inter-level travel time spent in this place.
 C = Inter-level travel time spent in this place.
 D = Time resting spent in this place.
 E = Time spent auto-exploring this place.
 F = Levels seen in this place.
 G = Mean time per level.
                   A        B        C        D        E       F      G
               +--------+--------+--------+--------+--------+-----+--------+
         Total |   1566 |   1522 |     44 |      0 |    989 |   3 |  522.0 |
       Dungeon |   1566 |   1522 |     44 |      0 |    989 |   3 |  522.0 |
               +--------+--------+--------+--------+--------+-----+--------+

Top non-repeatable levels by time:
     D:1: 884 daAuts
     D:2: 532 daAuts
     D:3: 149 daAuts
